 Dungeon Sprint DCSS version 0.15-a0-2327-gc7140f0 (webtiles) character file.

6167 runewalsh the Unseen (level 10, 0/56 HPs)
             Began as an Octopode Wizard on July 29, 2014.
             Was the Champion of Vehumet.
             Slain by an unseen horror (2 damage)
             ... in the Dungeon (Sprint III: "The Ten Rune Challenge").
             The game lasted 00:13:46 (2478 turns).

runewalsh the Unseen (Octopode Wizard)              Turns: 2478, Time: 00:13:47

HP   0/56        AC  1     Str  6      XL: 10   Next: 90%
MP  16/28        EV 12     Int 25      God: Vehumet [******]
Gold 3661        SH  0     Dex 10      Spells:  7 memorised,  3 levels left

rFire  . . .     SeeInvis .     w - +2 dagger (holy)
rCold  . . .     Clarity  .     (no shield)
rNeg   . . .     rCorr    .     b - +0 hat
rPois  .         rRot     .     (no amulet)
rElec  .         Spirit   .     (no ring)
SustAb .         Warding  .     (no ring)
rMut   .         NoTele   +     (no ring)
Gourm  .                        (no ring)
MR     .....                    (no ring)
                                (no ring)
                                (no ring)
                                (no ring)

@: no potions, repel missiles, not resistant to hostile enchantments, incredibly
stealthy
A: almost no armour, amphibious, 8 rings, constrict 8, camouflage 1, gelatinous
body 1
a: Renounce Religion


You were in the Dungeon.
You worshipped Vehumet.
Vehumet was exalted by your worship.
You were near starving.

You visited 1 branch You collected 3661 gold pieces.

Inventory:

Hand weapons
 w - a +2 dagger of holy wrath (weapon)
Armour
 b - a +0 hat (worn)
Magical devices
 x - a wand of slowing (0)
Comestibles
 d - 2 bread rations
 u - a royal jelly
Scrolls
 j - a scroll of blinking
 k - a scroll of immolation
 l - a scroll of identify
 m - 2 scrolls of remove curse
 q - a scroll of enchant weapon {unknown}
Potions
 e - 2 potions of curing
 f - a potion of heal wounds
 g - a potion of haste
 h - 2 potions of magic
 i - a potion of mutation {unknown}
 n - 4 potions of cure mutation
 o - a potion of flight {unknown}
 p - a potion of decay {unknown}
Books
 a - a book of Annihilations {highlevel}

   Spells                             Type                      Level
   Poison Arrow                       Conjuration/Poison           6
   Chain Lightning                    Conjuration/Air              8
   Lehudib's Crystal Spear            Conjuration/Earth            8
   *Glaciate                          Conjuration/Ice              9
   Fire Storm                         Conjuration/Fire             9
 c - a book of Minor Magic

   Spells                             Type                      Level
   *Magic Dart                        Conjuration                  1
   *Blink                             Translocation                2
   *Call Imp                          Summoning                    2
   *Repel Missiles                    Charms/Air                   2
   Slow                               Hexes                        2
   Conjure Flame                      Conjuration/Fire             3
   *Mephitic Cloud                    Conjuration/Poison/Air       3
Miscellaneous
 v - a fan of gales


   Skills:
 - Level 6.0 Short Blades
 - Level 2.0 Dodging
 - Level 19.0 Stealth
 + Level 9.5 Spellcasting
 * Level 12.0 Conjurations
 - Level 1.0 Summonings
 - Level 1.0 Translocations
 * Level 12.4 Ice Magic
 - Level 4.0 Air Magic


You had 3 spell levels left.
You knew the following spells:

 Your Spells              Type           Power        Failure   Level  Hunger
a - Magic Dart            Conj           ####         1%          1    None
b - Call Imp              Summ           ###.....     8%          2    None
c - Blink                 Tloc           N/A          8%          2    None
d - Mephitic Cloud        Conj/Pois/Air  #####...     1%          3    None
m - Repel Missiles        Chrm/Air       ###...       4%          2    None
x - Glaciate              Conj/Ice       ######....   100%        9    #######
Z - Ozocubu's Refrigerat  Ice            ######....   1%          6    ######.


Dungeon Overview and Level Annotations

Branches:
Dungeon (1/1)

Altars:
Cheibriados
Dithmenos
Elyvilon
Fedhas
Gozag
Kikubaaqudgha
Makhleb
Nemelex Xobeh
Okawaru
Qazlal
Sif Muna
Trog
Vehumet
Xom
Yredelemnul
Zin
The Shining One
Jiyva
Lugonu

Shops:
D [


Innate Abilities, Weirdness & Mutations

You cannot wear most types of armour.
You are amphibious.
You can wear up to eight rings at the same time.
You can use your tentacles to constrict many enemies at once.
Your skin changes colour to match your surroundings (Stealth).
Your rubbery body absorbs attacks (AC +1).


Message History

Magic restored.
You start resting.
All of the chunks of flesh in your inventory have rotted away.
Casting: Ozocubu's Refrigeration
Confirm with . or Enter, or press ? or * to list all spells.
The heat is drained from your surroundings.
You feel very cold.
You are feeling very hungry.
Something hits you.
Deactivating autopickup; reactivate with Ctrl-A.
Casting: Ozocubu's Refrigeration
Confirm with . or Enter, or press ? or * to list all spells.
The heat is drained from your surroundings.
You feel very cold.
* * * LOW HITPOINT WARNING * * *
You are near starving!
Something hits you.
* * * LOW HITPOINT WARNING * * *
Something hits you.
You die...

).)...#.#.#...##≈
...#..###.'...#
###.### #######
####################
§≈≈§§#.'...'.#.#.#.+
≈§§#§#.#)).##.#.#.##
§§§#.#.#...#.#.#.#.#
§§.#...#(..##.#.#.#
▓▓▓▓▓▓▓▓▓▓▓#.#.#@#
##.#.#.# +.#.# #.#
##.# ## #+


There were no monsters in sight!

Vanquished Creatures
  Josephine (D)
  A centaur warrior (D)
  An orc high priest (D)
  A deep elf knight (D)
  2 deep elf summoners (D)
  2 deep elf conjurers (D)
  An orc sorcerer (D)
  A deep elf priest (D)
  A shadow (D)
  A spatial vortex (D)
  A necrophage (D)
  4 orc warriors (D)
  2 centaurs (D)
  An earth elemental (D)
  A wizard (D)
  2 orc priests (D)
  A jelly (D)
  2 orc wizards (D)
  A necromancer (D)
  A kobold demonologist (D)
  3 humans (D)
  A giant mite (D)
  A phantom (D)
  An ooze (D)
  8 orcs (D)
  5 orc zombies (D)
  2 rats (D)
49 creatures vanquished.

Vanquished Creatures (others)
  2 draconian scorchers (D)
  A yaktaur (D)
  An electric eel (D)
  3 plants (D)
7 creatures vanquished.

Grand Total: 56 creatures vanquished

Notes
Turn   | Place    | Note
--------------------------------------------------------------
     0 | D        | runewalsh, the Octopode Wizard, began the quest for the Orb.
     0 | D        | Reached XP level 1. HP: 11/11 MP: 4/4
    29 | D        | Reached skill level 4 in Stealth
   126 | D        | Killed a yaktaur
   179 | D        | Reached skill level 5 in Stealth
   179 | D        | Reached XP level 2. HP: 10/17 MP: 0/6
   325 | D        | Killed a white draconian scorcher
   414 | D        | Learned a level 2 spell: Call Imp
   416 | D        | Killed a white draconian scorcher
   417 | D        | Learned a level 2 spell: Blink
   432 | D        | Reached skill level 6 in Stealth
   432 | D        | Reached XP level 3. HP: 21/21 MP: 0/9
   490 | D        | Learned a level 3 spell: Mephitic Cloud
   629 | D        | Noticed a water elemental
   655 | D        | Killed an electric eel
   860 | D        | Learned a level 2 spell: Repel Missiles
   925 | D        | Found a radiant altar of Vehumet.
   932 | D        | Found a deep blue altar of Sif Muna.
   932 | D        | Found an ancient bone altar of Kikubaaqudgha.
   932 | D        | Noticed a wizard
   945 | D        | Killed a wizard
   945 | D        | Reached skill level 8 in Stealth
   945 | D        | Reached XP level 4. HP: 21/27 MP: 2/11
   961 | D        | Reached skill level 1 in Short Blades
   961 | D        | Reached skill level 9 in Stealth
   967 | D        | Became a worshipper of Vehumet
  1026 | D        | Found an iron altar of Okawaru.
  1026 | D        | Found a bloodstained altar of Trog.
  1026 | D        | Noticed a human
  1026 | D        | Noticed a human
  1041 | D        | Killed a human
  1041 | D        | Reached skill level 11 in Stealth
  1041 | D        | Reached skill level 5 in Spellcasting
  1041 | D        | Reached XP level 5. HP: 29/31 MP: 6/15
  1043 | D        | Killed a human
  1043 | D        | Reached skill level 12 in Stealth
  1043 | D        | Reached skill level 5 in Conjurations
  1043 | D        | Reached XP level 6. HP: 34/36 MP: 6/18
  1060 | D        | Found a glowing silver altar of Zin.
  1061 | D        | Found a glowing golden altar of the Shining One.
  1061 | D        | Found a white marble altar of Elyvilon.
  1061 | D        | Noticed a deep elf priest
  1063 | D        | Killed a deep elf priest
  1063 | D        | Acquired Vehumet's first power
  1063 | D        | Offered knowledge of Shock by Vehumet.
  1063 | D        | Reached skill level 5 in Short Blades
  1063 | D        | Reached skill level 13 in Stealth
  1063 | D        | Reached XP level 7. HP: 41/41 MP: 14/21
  1104 | D        | Found a snail-covered altar of Cheibriados.
  1104 | D        | Noticed a necrophage
  1105 | D        | Found a basalt altar of Yredelemnul.
  1105 | D        | Found a blossoming altar of Fedhas.
  1105 | D        | Noticed a necromancer
  1106 | D        | Killed a necrophage
  1106 | D        | Reached skill level 14 in Stealth
  1107 | D        | Killed a necromancer
  1115 | D        | Noticed a jelly
  1116 | D        | Noticed a shadow
  1118 | D        | Killed a shadow
  1122 | D        | Killed a jelly
  1122 | D        | Reached skill level 15 in Stealth
  1122 | D        | Reached XP level 8. HP: 46/46 MP: 21/23
  1127 | D        | Found a stormy altar of Qazlal.
  1128 | D        | Found a burning altar of Makhleb.
  1128 | D        | Found a viscous altar of Jiyva.
  1128 | D        | Found a shimmering altar of Xom.
  1128 | D        | Found a shadowy altar of Dithmenos.
  1128 | D        | Found a sparkling altar of Nemelex Xobeh.
  1128 | D        | Found a corrupted altar of Lugonu.
  1128 | D        | Found an opulent altar of Gozag.
  1128 | D        | Noticed a spatial vortex
  1142 | D        | Killed a spatial vortex
  1201 | D        | Noticed Josephine
  1218 | D        | Killed Josephine
  1218 | D        | Reached skill level 17 in Stealth
  1218 | D        | Reached XP level 9. HP: 24/51 MP: 14/26
  1355 | D        | Noticed an earth elemental
  1357 | D        | Killed an earth elemental
  1366 | D        | Noticed a centaur
  1366 | D        | Noticed a centaur warrior
  1366 | D        | Noticed a centaur
  1370 | D        | Killed a centaur
  1370 | D        | Offered knowledge of Sandblast by Vehumet.
  1387 | D        | Killed a centaur
  1387 | D        | Acquired Vehumet's second power
  1391 | D        | Killed a centaur warrior
  1391 | D        | Reached skill level 18 in Stealth
  1391 | D        | Reached skill level 10 in Conjurations
  1402 | D        | Learned a level 9 spell: Glaciate
  1575 | D        | Found Threr's Antique Armour Shop.
  1575 | D        | Noticed an orc warrior
  1575 | D        | Noticed an orc high priest
  1575 | D        | Noticed an orc priest
  1576 | D        | Noticed an orc warrior
  1576 | D        | Noticed an orc wizard
  1580 | D        | Offered knowledge of Searing Ray by Vehumet.
  1591 | D        | Noticed an orc warrior
  1606 | D        | Killed an orc warrior
  1606 | D        | Reached skill level 1 in Ice Magic
  1607 | D        | Killed an orc priest
  1607 | D        | Acquired Vehumet's third power
  1615 | D        | Killed an orc priest
  1615 | D        | Reached skill level 19 in Stealth
  1623 | D        | Killed an orc warrior
  1628 | D        | Noticed an orc warrior
  1650 | D        | Noticed an orc sorcerer
  1653 | D        | Noticed an orc wizard
  1696 | D        | Killed an orc wizard
  1714 | D        | Killed an orc high priest
  1714 | D        | Reached XP level 10. HP: 23/56 MP: 20/27
  1739 | D        | Killed an orc warrior
  1739 | D        | Offered knowledge of Static Discharge by Vehumet.
  1786 | D        | Killed an orc sorcerer
  1822 | D        | Killed an orc warrior
  1844 | D        | Killed an orc wizard
  1860 | D        | Offered knowledge of Stone Arrow by Vehumet.
  1971 | D        | Noticed a deep elf summoner
  1971 | D        | Noticed a deep elf conjurer
  1971 | D        | Noticed a deep elf summoner
  1971 | D        | Noticed a deep elf conjurer
  1971 | D        | Noticed a deep elf knight
  1984 | D        | Killed a deep elf conjurer
  1984 | D        | Reached skill level 10 in Ice Magic
  1989 | D        | Killed a deep elf summoner
  1998 | D        | Killed a deep elf knight
  1998 | D        | Offered knowledge of Ozocubu's Refrigeration by Vehumet.
  2005 | D        | Killed a deep elf conjurer
  2024 | D        | Killed a deep elf summoner
  2042 | D        | Learned a level 6 spell: Ozocubu's Refrigeration
  2478 | D        | HP: 2/56 [something (5)]
  2478 | D        | Slain by an unseen horror

Action                   |  1- 3 |  4- 6 |  7- 9 | 10-12 || total
-------------------------+-------+-------+-------+-------++-------
Melee: Unarmed           |    35 |     5 |       |       ||    40
       Dagger            |       |    18 |    44 |    58 ||   120
 Cast: Magic Dart        |    13 |       |    12 |     6 ||    31
       Mephitic Cloud    |     3 |     2 |    22 |    18 ||    45
       Call Imp          |     3 |       |       |       ||     3
       Blink             |     2 |       |       |       ||     2
       Repel Missiles    |     1 |       |       |       ||     1
       Ozocubu's Refrige |       |       |       |     5 ||     5
  Use: Potion            |     1 |       |       |     1 ||     2
       Scroll            |       |       |     2 |       ||     2
 Stab: Sleeping          |     1 |     1 |     5 |       ||     7
       Confused          |     1 |     3 |     7 |     9 ||    20
  Eat: Chunk             |       |     1 |       |       ||     1
       Meat ration       |       |       |     1 |       ||     1
